 Dungeon Crawl Stone Soup version 0.26-a0-317-ge2f3d4a7ca (webtiles) character file.

Game seed: 9680309023956691469

42 BritishOli the Skirmisher (level 3, 29/29 HPs)
             Began as a Demonspawn Fighter on July 16, 2020.
             Quit the game on level 2 of the Dungeon.
             The game lasted 00:01:13 (1492 turns).

BritishOli the Skirmisher (Demonspawn Fighter)      Turns: 1492, Time: 00:01:14

Health: 29/29      AC:  7    Str: 17    XL:     3   Next: 33%
Magic:  3/3        EV:  7    Int:  9    God:
Gold:   57         SH:  9    Dex: 14    Spells: 2/2 levels left

rFire    . . .     SeeInvis .   a - +0 long sword
rCold    . . .     Faith    .   c - +0 kite shield
rNeg     . . .     Spirit   .   b - +0 scale mail
rPois    .         Reflect  .   (no helmet)
rElec    .         Harm     .   n - +0 cloak
rCorr    .                      (no gloves)
MR       .....                  (no boots)
Stlth    +.........             (no amulet)
HPRegen  0.09/turn              (no ring)
MPRegen  0.08/turn              (no ring)

@: no status effects
A: thin skeletal structure 1
a: no special abilities


You were on level 2 of the Dungeon.
You visited 1 branch of the dungeon, and saw 2 of its levels.

You collected 57 gold pieces.

Inventory:

Hand Weapons
 a - a +0 long sword (weapon)
Armour
 b - a +0 scale mail (worn)
 c - a +0 kite shield (worn)
 n - a +0 cloak (worn)
Jewellery
 i - an uncursed amulet of regeneration {unknown}
 o - an uncursed ring of fire {unknown}
Scrolls
 e - a scroll of blinking {unknown}
 f - a scroll of random uselessness {unknown}
 g - a scroll of teleportation {unknown}
 h - 5 scrolls of identify {unknown}
 j - 2 scrolls of remove curse {unknown}
 k - a scroll of fear {unknown}
 l - a scroll of immolation {unknown}
 p - a scroll of enchant weapon {unknown}
Potions
 d - a potion of might
 m - a potion of mutation {unknown}


   Skills:
 + Level 3.3 Fighting
 + Level 2.3 Long Blades
 + Level 3.1 Armour
 + Level 3.1 Shields


You had 2 spell levels left.
You didn't know any spells.
Your spell library was empty.

Dungeon Overview and Level Annotations

Branches:
Dungeon (2/15)

Altars:


Innate Abilities, Weirdness & Mutations

You have a somewhat thin skeletal structure. (Dex +2, Stealth)


Message History

You hit the goblin.
You kill the goblin!
Things that are here:
a +0 club; a goblin corpse No target in view!
h - 5 scrolls labeled VURUMOSHR UFEUWK (gained 1)
p - a scroll labeled XIANNI UKIGA No target in view!
You open the door.
There is an open door here.
There is an open door here.
There is an open door here.
Key pressed, stopping explore.
No target in view!
There is an open door here.
Found an escape hatch in the ceiling.
No target in view!
No target in view!
Found 21 arrows.
Are you sure you want to abandon this character and quit the game? (Confirm with "yes".)

................[.#
####
..........#######.#
..#.)..........# #
#.#....###############
#.#.#........# #.....
#........###.# #.####
#........# #.# #.#
#........# #.# #.#
#......@.# #.### #.#
## #..........#
#...####'###.
.##........#
#...รท.....##. .
#........#
#.........##.
#......?.#
#.........##.
#..<.....#
#.........##.
#........#
####......##.
.......(.# #......##.
#......##.


There were no monsters in sight!

Vanquished Creatures
  An adder (D:2)
  A leopard gecko (D:1)
  A giant cockroach (D:1)
  4 goblins
  2 hobgoblins (D:1)
  11 kobolds
  A ball python (D:1)
  3 bats
  4 frilled lizards (D:1)
  6 rats
34 creatures vanquished.

Notes
Turn   | Place    | Note
-------+----------+-------------------------------------------
     0 | D:1      | BritishOli the Demonspawn Fighter began the quest for the
                  | Orb.
     0 | D:1      | Reached XP level 1. HP: 18/18 MP: 1/1
   423 | D:1      | Gained mutation: You have a somewhat thin skeletal
                  | structure. (Dex +2, Stealth) [demonic ancestry]
   423 | D:1      | Reached XP level 2. HP: 23/24 MP: 2/2
  1091 | D:2      | Reached XP level 3. HP: 24/29 MP: 3/3
  1492 | D:2      | Quit the game

Illustrated notes

Levels and vault maps discovered:
D:1:      eino_arrival_druids_welcome, layout_basic
D:2:      layout_basic, chequers_serial_rivers_micro_a

Skill      XL: |  1  2 |
---------------+-------+-----
Long Blades    | 2 |  2.3
Armour         | 3 |  3.1
Shields        | 3 |  3.1
Fighting       | |  3.3

Action                   || total
-------------------------++-------
Melee: Long sword        ||    96
Armor: Scale mail        ||    66
Dodge: Dodged            ||    28
Block: Kite shield       ||    47
       Rpst.: Long sword ||    11

Table legend:
 A = Non-vault XP
 B = Vault XP
 C = Vault XP percentage of total XP
 D = Non-vault monster count
 E = Vault monster count
 F = Vault count percentage of total count
                 A         B        C        D         E       F
            +---------+---------+-------+---------+---------+-------
      Total |      60 |       0 |   0.0 |      34 |       0 |   0.0
            +---------+---------+-------+---------+---------+-------
        D:1 |      34 |       0 |   0.0 |      24 |       0 |   0.0
        D:2 |      26 |       0 |   0.0 |      10 |       0 |   0.0
            +---------+---------+-------+---------+---------+-------
